 Dungeon Crawl Stone Soup version 0.17.1-1-g73c8601 (webtiles) character file.

137 Amon001 the Skirmisher (level 5, -9/41 HPs)
             Began as a Demonspawn Fighter on Dec 17, 2015.
             Mangled by a mummy (14 damage)
             ... in an ossuary.
             The game lasted 00:08:23 (2472 turns).

Amon001 the Skirmisher (Demonspawn Fighter)         Turns: 2472, Time: 00:08:23

Health: -9/41      AC:  7    Str: 18 (22) XL:     5   Next: 0%
Magic:  0/5        EV:  9    Int:  9      God:
Gold:   175        SH:  9    Dex: 13      Spells: 0 memorised, 4 levels left

rFire  + . .     SeeInvis .     a - +0 war axe
rCold  . . .     Clarity  .     s - +2 ring mail {rF+}
rNeg   . . .     SustAt   .     c - +0 shield
rPois  .         Gourm    .     (helmet restricted)
rElec  .         Spirit   +     (no cloak)
rCorr  .         Warding  .     (no gloves)
rMut   .         Stasis   .     (no boots)
MR     .....                    (no amulet)
Stlth  +.........               (no ring)
                                (no ring)

@: mighty, not resistant to hostile enchantments, very unstealthy
A: antennae 1, magic shield, magic regeneration
a: no special abilities


You were in an ossuary.
You were not hungry.

You visited 1 branch of the dungeon, and saw 4 of its levels.
You also visited: Ossuary.

You collected 175 gold pieces.

Inventory:

Hand Weapons
 a - a +0 war axe (weapon)
Armour
 c - a +0 shield (worn)
 s - a +2 ring mail of fire resistance (worn)
Jewellery
 r - a +5 ring of intelligence {unknown}
Wands
 b - a wand of cold (3)
Scrolls
 h - 2 scrolls of identify
 i - a scroll of teleportation {unknown}
 j - a scroll of blinking {unknown}
 n - 2 scrolls of amnesia {unknown}
 o - 3 scrolls of fog {unknown}
 q - 2 scrolls of fear {unknown}
 t - 2 scrolls of remove curse {unknown}
Potions
 d - a potion of might
 l - a potion of curing {unknown}
 m - a potion of resistance {unknown}
 p - a potion of poison {unknown}
Comestibles
 e - 2 bread rations
 f - a meat ration
 g - a slice of pizza
 u - 3 fruits


   Skills:
 * Level 3.6 Fighting
 + Level 2.2 Axes
 + Level 3.3 Armour
 * Level 2.0 Dodging
 + Level 0.2 Stealth
 + Level 3.3 Shields


You had 4 spell levels left.
You didn't know any spells.

Dungeon Overview and Level Annotations

Branches:
Dungeon (4/15)             Temple (0/1) D:4

Altars:
Okawaru


Innate Abilities, Weirdness & Mutations

You have a pair of small antennae on your head.
When hurt, damage is shared between your health and your magic reserves.
You regenerate magic rapidly.


Message History

You block the big kobold zombie's attack.
The mummy hits you!
You block the big kobold zombie's attack.
You hit the big kobold zombie. You hit the mummy but do no damage.
The mummy is lightly damaged.
You hit the mummy but do no damage. You block the mummy's attack.
The big kobold zombie hits you but does no damage.
The mummy closely misses you.
You hit the big kobold zombie but do no damage.
You barely miss the mummy.
The mummy is lightly damaged.
You closely miss the mummy. The mummy hits you!
* * * LOW HITPOINT WARNING * * *
You block the big kobold zombie's attack.
Drink which item? (? for menu, Esc to quit)
You feel very mighty all of a sudden. You block the mummy's attack.
The big kobold zombie hits you.
* * * LOW HITPOINT WARNING * * *
The mummy hits you!
You die...

...........
.........
........
......
#....#
#.Z..#
#MZM.#
#.@..#
#....#
#....#
#....#
#....#
#.∩∩.#
######


You could see 2 mummies, a gnoll zombie and a big kobold zombie.

Vanquished Creatures
  Jessica (D:2)
  5 adders
  An ooze (D:1)
  3 worms
  A giant gecko (D:2)
  2 orcs (D:3)
  7 bats
  2 giant cockroaches
  A gnoll zombie (Ossuary)
  6 hobgoblins
  2 jackals (D:3)
  3 giant newts
  6 goblins
  A hobgoblin zombie (Ossuary)
  8 kobolds
  2 kobold zombies (Ossuary)
  An orc zombie (Ossuary)
  3 quokkas
  4 rats
  A plant (D:1)
60 creatures vanquished.

Notes
Turn   | Place    | Note
--------------------------------------------------------------
     0 | D:1      | Amon001 the Demonspawn Fighter began the quest for the Orb.
     0 | D:1      | Reached XP level 1. HP: 18/18 MP: 1/1
   150 | D:1      | Gained mutation: You have a pair of small antennae on your head. [demonic ancestry]
   150 | D:1      | Reached XP level 2. HP: 24/24 MP: 2/2
   758 | D:2      | Found an iron altar of Okawaru.
  1029 | D:2      | Reached XP level 3. HP: 29/29 MP: 3/3
  1074 | D:2      | Noticed Jessica
  1082 | D:2      | Killed Jessica
  1082 | D:2      | Reached skill level 1 in Dodging
  1556 | D:3      | Gained mutation: When hurt, damage is shared between your health and your magic reserves. [demonic ancestry]
  1556 | D:3      | Reached XP level 4. HP: 26/35 MP: 4/4
  2450 | D:4      | Found a sand-covered staircase.
  2456 | Ossuary  | Entered an ossuary
  2467 | Ossuary  | Gained mutation: You regenerate magic rapidly. [demonic ancestry]
  2467 | Ossuary  | Reached XP level 5. HP: 30/41 MP: 2/5
  2472 | Ossuary  | Mangled by a mummy

Action                   |  1- 3 |  4- 6 || total
-------------------------+-------+-------++-------
Melee: War axe           |   152 |   112 ||   264
  Use: Potion            |       |     3 ||     3
       Scroll            |       |     2 ||     2
  Eat: Chunk             |     2 |     4 ||     6
